 Dungeon Crawl Stone Soup version 0.23-a0-358-g98c7a59ffc (webtiles) character file.

318 PikkenKukken the Digger (level 6, -1/32 HPs)
             Began as a Gargoyle Earth Elementalist on Oct 23, 2018.
             Slain by an ogre
             ... wielding a +0 giant spiked club
              (16 damage)
             ... on level 4 of the Dungeon.
             The game lasted 00:11:38 (3746 turns).

PikkenKukken the Digger (GrEE)                      Turns: 3746, Time: 00:11:38

Health: -1/32      AC:  7    Str: 11    XL:     6   Next: 45%
Magic:  11/12      EV: 12    Int: 18    God:
Gold:   165        SH:  0    Dex: 10    Spells: 8/13 levels left

rFire    . . .     SeeInvis .   g - +1 dagger (venom)
rCold    + . .     Gourm    .   (no shield)
rNeg     + + .     Faith    .   c - +1 robe
rPois    ∞         Spirit   .   (no helmet)
rElec    +         Reflect  .   (no cloak)
rCorr    .         Harm     .   (no gloves)
MR       .....                  (no boots)
Stlth    ++........             (no amulet)
HPRegen  0.10/turn              m - ring of protection from cold
MPRegen  0.13/turn              p - ring of positive energy

@: no status effects
A: negative energy resistance 1, electricity resistance, unbreathing,
petrification resistance, rot immunity, AC +4
a: no special abilities


You were on level 4 of the Dungeon.
You were not hungry.

You visited 1 branch of the dungeon, and saw 4 of its levels.

You collected 165 gold pieces.

Inventory:

Hand Weapons
 a - a +0 dagger
 g - a +1 dagger of venom (weapon)
 x - the cursed +2 great sword of the Radish {vamp, rC++ Dex-5}
   (You found it on level 4 of the Dungeon)

   It inflicts no extra harm, but heals its wielder when it wounds a living foe.
   It affects your dexterity (-5).
   It greatly protects you from cold.
   It has a curse placed upon it.
Missiles
 b - 88 stones (quivered)
 n - 53 arrows
Armour
 c - a +1 robe (worn)
 f - the +1 leather armour of the Hidden Hells {rPois rCorr MP+9 Int-3}
   (You found it on level 4 of the Dungeon)

   It affects your intelligence (-3).
   It protects you from poison.
   It affects your magic capacity (+9).
   It provides partial protection from all sources of acid and corrosion.
 l - a +0 buckler
Jewellery
 m - a ring of protection from cold (left hand)
 p - a ring of positive energy (right hand)
Scrolls
 e - 4 scrolls of identify
 q - 2 scrolls of teleportation
 u - a scroll of enchant weapon
 v - 2 scrolls of remove curse
Potions
 h - a potion of heal wounds {unknown}
 i - 3 potions of curing
 j - a potion of mutation {unknown}
 k - a potion of haste {unknown}
 o - a potion of agility {unknown}
 r - a potion of cancellation {unknown}
 s - a potion of degeneration {unknown}
 t - a potion of lignification {unknown}
 w - a potion of resistance {unknown}
Comestibles
 d - 6 rations


   Skills:
 - Level 1.5 Dodging
 - Level 2.1 Stealth
 - Level 4.0 Spellcasting
 + Level 4.0 Conjurations
   Level 0.7 Transmutations
 - Level 5.2 Earth Magic


You had 8 spell levels left.
You knew the following spells:

 Your Spells              Type           Power        Failure   Level  Hunger
a - Sandblast             Erth           ###...       1%          1    None
b - Stone Arrow           Conj/Erth      ###...       7%          3    ###....
c - Animate Skeleton      Necr           N/A          14%         1    None

Your spell library contained the following spells:

 Spells                   Type           Power        Failure   Level  Hunger
 Passwall                 Tmut/Erth      ##......     7%          2    ##.....
 Apportation              Tloc           #.....       14%         1    None
 Confusing Touch          Hex            #.....       14%         1    None
 Summon Small Mammal      Summ           #...         14%         1    None
 Petrify                  Tmut/Erth      ##......     41%         4    ####...
 Lee's Rapid Deconstruct  Erth           ###.......   43%         5    ######.


Dungeon Overview and Level Annotations

Branches:
Dungeon (4/15)
 Temple: D:4-7

Altars:
Wu Jian
Xom

Annotations:
D:4 Blork the orc, Sigmund


Innate Abilities, Weirdness & Mutations

You are resistant to torment.
Your stone body is resilient. (AC +4)
You are immune to poison.
You resist negative energy. (rN+)
You are resistant to electric shocks. (rElec)
You can survive without breathing.
You are immune to petrification.
You are immune to rotting.


Message History

You see here a shimmering leather armour.
f - a shimmering leather armour
As you read the scroll of identify, it crumbles to dust.
f - the +1 leather armour of the Hidden Hells {rPois rCorr MP+9 Int-3} You now have 165 gold pieces (gained 5).
An ogre comes into view. It is wielding a +0 giant spiked club.
The ogre shouts!
The ogre hits you with a +0 giant spiked club!
Ouch! That really hurt!
Casting: Sandblast (safe; 1% risk of failure)
Confirm with . or Enter, or press ? or * to list all spells.
Aiming: Sandblast (safe; 1% risk of failure)
Press: ? - help, Shift-Dir - straight line, f - ogre
Aim: an ogre, wielding a +0 giant spiked club The blast of sand hits the ogre.
The ogre is lightly wounded.
b - 88 stones The ogre hits you with a +0 giant spiked club!
Ouch! That really hurt!
You die...

## ##.###
..... ##..#
#...#
####..##
#...<..#
#.###$.#
#.#.O@.#
##.##.#.#.#
#.........#
#.....#.###
##)####.#
...# .#
##### ##


You could see an ogre.

Vanquished Creatures
  A phantom (D:4)
  An orc wizard (D:3)
  A worker ant (D:3)
  3 gnolls (D:3)
  7 adders
  4 worms
  A leopard gecko (D:1)
  6 orcs (D:3)
  8 bats
  A giant cockroach (D:3)
  9 goblins
  8 hobgoblins
  A jackal (D:3)
  6 kobolds
  A quokka (D:3)
  4 frilled lizards
  15 rats
77 creatures vanquished.

Vanquished Creatures (collateral kills)
  A goblin (D:3)
1 creature vanquished.

Grand Total: 78 creatures vanquished

Notes
Turn   | Place    | Note
-------+----------+-------------------------------------------
     0 | D:1      | PikkenKukken the Gargoyle Earth Elementalist began the
                  | quest for the Orb.
     0 | D:1      | Reached XP level 1. HP: 10/10 MP: 3/3
   184 | D:1      | Reached skill level 4 in Earth Magic
   303 | D:1      | Reached XP level 2. HP: 15/15 MP: 5/5
  1077 | D:2      | Reached skill level 5 in Earth Magic
  1077 | D:2      | Reached XP level 3. HP: 16/19 MP: 1/6
  1082 | D:2      | Learned a level 3 spell: Stone Arrow
  1334 | D:2      | Reached skill level 1 in Conjurations
  1489 | D:2      | Found an ornate altar of the Wu Jian Council.
  1490 | D:2      | Reached XP level 4. HP: 24/24 MP: 5/7
  2152 | D:3      | Reached XP level 5. HP: 28/28 MP: 6/9
  2360 | D:3      | Learned a level 1 spell: Animate Skeleton
  3089 | D:3      | Found a shimmering altar of Xom.
  3177 | D:3      | Reached XP level 6. HP: 32/32 MP: 5/11
  3527 | D:4      | Got a shimmering great sword
  3528 | D:4      | Identified the cursed +2 great sword of the Radish {vamp,
                  | rC++ Dex-5} (You found it on level 4 of the Dungeon)
  3529 | D:4      | Noticed Blork the orc
  3562 | D:4      | Noticed a phantom
  3575 | D:4      | Killed a phantom
  3692 | D:4      | Noticed Sigmund
  3737 | D:4      | Got a shimmering leather armour
  3738 | D:4      | Identified the +1 leather armour of the Hidden Hells {rPois
                  | rCorr MP+9 Int-3} (You found it on level 4 of the Dungeon)
  3746 | D:4      | Slain by an ogre

Vault maps used:
D:1:      dpeg_arrival_chase
D:2:      old_standard_altar, minmay_misc_feat_square
D:3:      minmay_wonky_spiral, hangedman_decor_growths, tgw_xom
D:4:      nicolae_overflow_hidden_temple, gammafunk_ghost_mausoleum,
          uniq_blork_the_orc, uniq_sigmund

Skill      XL: |  1  2  3  4  5  6 |
---------------+-------------------+-----
Earth Magic    | 4 5 |  5.2
Conjurations   | 1 2 3 4 |  4.0
Spellcasting   | 3 4 |  4.0
Dodging        | |  1.5
Stealth        | |  2.1
Transmutations | |  0.7

Action                   |  1- 3 |  4- 6 || total
-------------------------+-------+-------++-------
Melee: Dagger            |    27 |    68 ||    95
       Unarmed           |     1 |       ||     1
 Cast: Sandblast         |    30 |    39 ||    69
       Stone Arrow       |       |    10 ||    10
       Animate Skeleton  |       |    16 ||    16
  Use: Scroll            |     7 |     4 ||    11
 Stab: Sleeping          |     4 |     5 ||     9
  Eat: Chunk             |     2 |     8 ||    10
Armor: Robe              |    17 |    23 ||    40
Dodge: Dodged            |    34 |    49 ||    83

Table legend:
 A = Non-vault XP
 B = Vault XP
 C = Vault XP percentage of total XP
 D = Non-vault monster count
 E = Vault monster count
 F = Vault count percentage of total count
                 A         B        C        D         E       F
            +---------+---------+-------+---------+---------+-------
      Total |     450 |       5 |   1.1 |      75 |       3 |   3.8
            +---------+---------+-------+---------+---------+-------
        D:1 |      31 |       0 |   0.0 |      19 |       0 |   0.0
        D:2 |      71 |       0 |   0.0 |      17 |       0 |   0.0
        D:3 |     224 |       5 |   2.2 |      38 |       3 |   7.3
        D:4 |     124 |       0 |   0.0 |       1 |       0 |   0.0
            +---------+---------+-------+---------+---------+-------
